[Event "Titled Tuesday Blitz November 15 Early 2022"]
[White "Vokhidov, Shamsiddin"]
[Black "Acor, Corey"]
[WhiteFideId "14204223"]
[BlackFideId "2024861"]
[WhiteElo "2619"]
[BlackElo "2340"]
[Result "1-0"]
[Round "05"]
[TimeControl "180+1"]
[Date "2022.11.15"]
[WhiteClock "0:01:07"]
[BlackClock "0:00:08"]

1. e4 e5 2. Nf3 Nc6 3. Bb5 Nge7 4. Nc3 d6 5. d4 Bd7 6. O-O Ng6 7. Re1 Be7 8. Nd5 O-O 9. h3 exd4 10. Bxc6 bxc6 11. Nxe7+ Qxe7 12. Nxd4 Rfe8 13. Bd2 Qf6 14. Bc3 Qg5 15. Nf3 Qh5 16. Re3 c5 17. Nd2 Qxd1+ 18. Rxd1 f6 19. f3 Nf4 20. Kf2 a5 21. h4 a4 22. Nf1 Ng6 23. h5 Nf4 24. h6 Ng6 25. Ng3 Nf4 26. hxg7 Kxg7 27. Rh1 Kg6 28. Rh4 Ne6 29. Nf5 h5 30. Re1 Ng5 31. Ng3 Rh8 32. Reh1 Rag8 33. Nxh5 1-0


[Site "https://www.chess.com"]

[Event "Titled Tuesday Blitz November 15 Early 2022"]
[White "Volkov, Maksim"]
[Black "Devaev, Alexander"]
[WhiteFideId "54123070"]
[BlackFideId "4169395"]
[WhiteElo "2257"]
[BlackElo "2225"]
[Result "1-0"]
[Round "05"]
[TimeControl "180+1"]
[Date "2022.11.16"]
[WhiteClock "0:00:43"]
[BlackClock "0:00:01"]

1. d4 Nf6 2. c4 e6 3. g3 c5 4. d5 exd5 5. cxd5 d6 6. Nc3 g6 7. Bg2 Bg7 8. Nf3 O-O 9. O-O a6 10. a4 Nbd7 11. Bf4 Ne8 12. e4 Rb8 13. Re1 b5 14. axb5 axb5 15. Bf1 b4 16. Nb5 Rb6 17. Ra7 Ba6 18. Nxd6 Bxf1 19. Nxe8 Qxe8 20. Kxf1 Bxb2 21. e5 Bc3 22. e6 fxe6 23. Rxe6 Rxe6 24. dxe6 Nf6 25. Qb3 Qb5+ 26. Kg1 c4 27. Qd1 Qd5 28. Qe2 Re8 29. e7 Qe4 30. Be3 Nd5 31. Ng5 Qb1+ 32. Kg2 Bf6 33. Qxc4 Qd1 34. Ne4 Bxe7 35. Rxe7 Rxe7 36. Nf6+ Kg7 37. Nxd5 b3 38. Nxe7 b2 39. Bd4+ Kh6 40. Ng8+ 1-0


[Site "https://www.chess.com"]

[Event "Titled Tuesday Blitz November 15 Early 2022"]
[White "Wirig, Anthony"]
[Black "Gabrielian, Artur"]
[WhiteFideId "615013"]
[BlackFideId "4131002"]
[WhiteElo "2487"]
[BlackElo "2432"]
[Result "0-1"]
[Round "05"]
[TimeControl "180+1"]
[Date "2022.11.15"]
[WhiteClock "0:00:07"]
[BlackClock "0:00:30"]

1. d4 Nf6 2. Bg5 g6 3. Bxf6 exf6 4. e3 d5 5. c4 dxc4 6. Bxc4 Bd6 7. Nc3 Nd7 8. h4 h5 9. Qc2 f5 10. Nf3 Nf6 11. Ng5 O-O 12. O-O-O Qe7 13. Kb1 a6 14. Bb3 Bd7 15. Ka1 Kg7 16. g3 Rad8 17. Rhe1 c5 18. f4 Rde8 19. Nf3 cxd4 20. exd4 Ne4 21. Nxe4 fxe4 22. Ne5 Bf5 23. Rc1 Bb4 24. Red1 f6 25. g4 hxg4 26. Nc4 e3 27. Qe2 Rh8 28. d5 Bd6 29. Rf1 Rxh4 30. Rc3 Rh3 31. a3 Rf3 32. Re1 Rf2 33. Qd1 e2 34. Qd2 Rf1 35. Ka2 Rxe1 36. Qxe1 Bxf4 37. d6 Bxd6 38. Re3 Qxe3 39. Nxe3 Rxe3 40. Bc4 Be6 41. Bxe6 Rxe6 0-1


[Site "https://www.chess.com"]

[Event "Titled Tuesday Blitz November 15 Early 2022"]
[White "Yeremyan, Alen"]
[Black "Lenderman, Aleksandr"]
[WhiteFideId "13308998"]
[BlackFideId "2021285"]
[WhiteElo "2159"]
[BlackElo "2607"]
[Result "0-1"]
[Round "05"]
[TimeControl "180+1"]
[Date "2022.11.15"]
[WhiteClock "0:00:08"]
[BlackClock "0:00:09"]

1. d4 e6 2. g3 c5 3. Bg2 cxd4 4. Qxd4 Nc6 5. Qd3 d5 6. Nf3 Nf6 7. O-O Be7 8. c4 Nb4 9. Qb3 dxc4 10. Qxc4 O-O 11. Nc3 Bd7 12. Rd1 Qc8 13. Qxc8 Raxc8 14. Ne5 Bc6 15. Nxc6 Nxc6 16. Be3 a6 17. Rac1 Rfd8 18. Bb6 Rxd1+ 19. Rxd1 Kf8 20. a3 Ke8 21. Kf1 Nd7 22. Be3 Nde5 23. Bc1 Nc4 24. Ne4 Rd8 25. Rxd8+ Kxd8 26. Ke1 f6 27. e3 f5 28. Nd2 N4e5 29. Ke2 Kc7 30. b4 Bf6 31. Bb2 Ng4 32. Bxf6 Nxf6 33. f4 e5 34. Bxc6 Kxc6 35. fxe5 Ng4 36. Nc4 b5 37. Nd6 g6 38. Nf7 Kd5 39. e6 Kxe6 40. Ng5+ Kd5 41. h3 Nf6 42. Kd3 h6 43. Nf3 Ne4 44. Nh4 Nxg3 45. Nxg6 Ne4 46. Nf4+ Ke5 47. Ng6+ Kf6 48. Nf4 Ke5 49. Ng6+ Kf6 50. Nf4 Nd6 51. Kd4 Kg5 52. Ne6+ Kh4 53. Nf4 Kg3 54. Kd3 Nc4 55. a4 Nb2+ 56. Kc3 Nxa4+ 57. Kd4 Nb2 58. Ke5 Nc4+ 59. Kxf5 Nxe3+ 60. Ke4 Nc2 61. Nd3 Kxh3 62. Kf5 Kg3 63. Kg6 Kf3 64. Kxh6 Ke3 65. Nc5 Nxb4 0-1


[Site "https://www.chess.com"]

[Event "Titled Tuesday Blitz November 15 Early 2022"]
[White "Yu, Yangyi"]
[Black "Quizon, Daniel"]
[WhiteFideId "8603820"]
[BlackFideId "5217911"]
[WhiteElo "2808"]
[BlackElo "2380"]
[Result "1-0"]
[Round "05"]
[TimeControl "180+1"]
[Date "2022.11.15"]
[WhiteClock "0:01:06"]
[BlackClock "0:00:03"]

1. e4 c5 2. Nf3 d6 3. d4 cxd4 4. Nxd4 a6 5. c4 Nf6 6. Nc3 e6 7. g4 Qc7 8. g5 Nfd7 9. Be3 b6 10. h4 Bb7 11. h5 Nc6 12. Rh3 Nce5 13. Rc1 Be7 14. f4 Nc6 15. Nd5 Qd8 16. Nc3 Nxd4 17. Qxd4 e5 18. Qd2 exf4 19. Bxf4 O-O 20. Kd1 Nc5 21. h6 g6 22. Kc2 f6 23. gxf6 Bxf6 24. Bg2 Be5 25. Rf1 Qe7 26. Nd5 Bxd5 27. Qxd5+ Kh8 28. Rhf3 Nd7 29. Bh3 Nf6 30. Bxe5 dxe5 31. Rxf6 1-0


[Site "https://www.chess.com"]

[Event "Titled Tuesday Blitz November 15 Early 2022"]
[White "Yuan, Qingyu"]
[Black "Lehtosaari, Mauri"]
[WhiteFideId "8609772"]
[BlackFideId "501999"]
[WhiteElo "2359"]
[BlackElo "2503"]
[Result "1-0"]
[Round "05"]
[TimeControl "180+1"]
[Date "2022.11.16"]
[WhiteClock "0:00:51"]
[BlackClock "0:00:20"]

1. e4 c5 2. Nf3 e6 3. b3 b6 4. d4 d5 5. exd5 Qxd5 6. Nc3 Qd8 7. d5 a6 8. Bb2 Nf6 9. Qe2 Be7 10. dxe6 Bxe6 11. Ng5 Bf5 12. Qf3 O-O 13. Qxf5 Nc6 14. Bd3 Nd4 15. Qh3 h6 16. Nf3 Bd6 17. O-O Qc7 18. Nxd4 cxd4 19. Ne2 Rad8 20. Bxd4 Be5 21. Bxe5 Qxe5 22. Qg3 Qb2 23. a4 a5 24. Rfb1 Nh5 25. Rxb2 Nxg3 26. hxg3 1-0


[Site "https://www.chess.com"]

[Event "Titled Tuesday Blitz November 15 Early 2022"]
[White "Zemlyanskii, Ivan"]
[Black "Sharifov, Mekhriddin"]
[WhiteFideId "24249971"]
[BlackFideId "14701545"]
[WhiteElo "2107"]
[BlackElo "2109"]
[Result "1/2-1/2"]
[Round "05"]
[TimeControl "180+1"]
[Date "2022.11.16"]
[WhiteClock "0:00:05"]
[BlackClock "0:00:07"]

1. d4 Nf6 2. c4 e6 3. g3 Bb4+ 4. Nd2 c5 5. a3 Bxd2+ 6. Qxd2 cxd4 7. Nf3 d5 8. cxd5 e5 9. Nxe5 Qxd5 10. Nf3 Nc6 11. Bg2 O-O 12. O-O Bg4 13. h3 Bh5 14. Rd1 Rad8 15. Qg5 Qb3 16. Rd3 Qc2 17. Qd2 Qc4 18. b3 Qe6 19. Bb2 Bg6 20. Nxd4 Nxd4 21. Rxd4 Rde8 22. Rb4 Qxe2 23. Qxe2 Rxe2 24. Bxf6 gxf6 25. Rxb7 Rb2 26. Bd5 Rd8 27. Bc4 a5 28. Re1 Rdd2 29. Re8+ Kg7 30. Bxf7 Rxf2 31. Bxg6+ Kxg6 32. Rg8+ Kh6 33. Re8 Rg2+ 34. Kf1 Rh2 35. Kg1 Rxh3 36. Ree7 Rxg3+ 37. Kf1 Rf3+ 38. Ke1 Kg5 39. Rxh7 Rfxb3 40. Rbg7+ Kf5 41. Rh5+ Ke6 42. Rxa5 Rb1+ 43. Kd2 R1b2+ 44. Kc1 Rh2 45. Ra6+ Kf5 46. Rf7 Rc3+ 47. Kd1 Rd3+ 48. Ke1 Rh6 49. Re7 Rd5 50. Ra4 Re5+ 51. Rxe5+ fxe5 52. Kf2 Rh2+ 53. Kf3 Ra2 54. Ra8 Ke6 55. Ke4 Re2+ 56. Kd3 Ra2 57. Re8+ Kd7 58. Rxe5 Rxa3+ 59. Ke4 Ra4+ 60. Kf5 Kd6 61. Re4 Rxe4 62. Kxe4 1/2-1/2


[Site "https://www.chess.com"]

[Event "Titled Tuesday Blitz November 15 Early 2022"]
[White "Zhao, Jun"]
[Black "Sanchez Enriquez, Oscar Gerardo"]
[WhiteFideId "8602522"]
[BlackFideId "5106311"]
[WhiteElo "2547"]
[BlackElo "2375"]
[Result "1-0"]
[Round "05"]
[TimeControl "180+1"]
[Date "2022.11.16"]
[WhiteClock "0:01:15"]
[BlackClock "0:00:52"]

1. c4 b6 2. Nc3 Bb7 3. d4 e6 4. e4 Bb4 5. f3 f5 6. exf5 Qh4+ 7. g3 Qe7 8. fxe6 Nf6 9. Bh3 O-O 10. a3 Bxc3+ 11. bxc3 dxe6 12. Ra2 Re8 13. Re2 Qf7 14. Bg2 Nc6 15. f4 Na5 16. Bxb7 Nxb7 17. Nf3 Na5 18. Qd3 Rad8 19. O-O c5 20. Rfe1 Qd7 21. Ng5 cxd4 22. Nxe6 Rc8 23. cxd4 Nxc4 24. f5 Qd5 25. Bg5 Nd7 26. Nf4 Rxe2 27. Rxe2 Qd6 28. Re6 Qxa3 29. Qxa3 Nxa3 30. Re7 Rc1+ 31. Kg2 Rc2+ 32. Kh3 Nf8 33. Nh5 Nb5 34. Rxg7+ Kh8 35. Bf6 1-0


[Site "https://www.chess.com"]

[Event "Titled Tuesday Blitz November 15 Early 2022"]
[White "Zhigalko, Sergei"]
[Black "Fecker, Noah"]
[WhiteFideId "13502956"]
[BlackFideId "1334263"]
[WhiteElo "2662"]
[BlackElo "2291"]
[Result "1/2-1/2"]
[Round "05"]
[TimeControl "180+1"]
[Date "2022.11.16"]
[WhiteClock "0:00:03"]
[BlackClock "0:00:18"]

1. e4 g6 2. d4 d6 3. Nc3 a6 4. Nf3 Bg7 5. Be3 b5 6. a4 b4 7. Ne2 Bb7 8. Ng3 Nf6 9. Bd3 Kf8 10. O-O Nbd7 11. c3 a5 12. Re1 c5 13. e5 Nd5 14. e6 fxe6 15. Ng5 Nc7 16. dxc5 Nxc5 17. Bc4 bxc3 18. bxc3 h6 19. Bxc5 dxc5 20. Qb3 Rb8 21. Nxe6+ Nxe6 22. Bxe6 Bf6 23. Rad1 Qc7 24. Qc4 Kg7 25. h4 Rbd8 26. h5 Qc6 27. f3 Rxd1 28. Rxd1 Bc8 29. Bxc8 Qxc8 30. hxg6 Kxg6 31. Qe4+ Kf7 32. Re1 Rg8 33. Nf5 Rg6 34. Kf1 Qa6+ 35. c4 Qc8 36. g4 Qd7 37. Kf2 Qd2+ 38. Re2 Bd4+ 39. Nxd4 Qxd4+ 40. Qxd4 cxd4 41. Re4 Rb6 42. Rxd4 Rb4 43. Ke3 Rxa4 44. f4 Ra1 45. Rd5 a4 46. Ra5 a3 47. Kd4 Rf1 48. Rxa3 Rxf4+ 49. Kd5 Rxg4 50. c5 Rg5+ 51. Kc6 Ke8 52. Ra8+ Kf7 53. Rh8 Rg6+ 54. Kb7 Ke6 55. c6 Rg1 56. c7 Rb1+ 57. Kc8 Kd6 58. Rxh6+ e6 59. Kd8 Rg1 60. Rh8 Rc1 61. c8=Q Rxc8+ 62. Kxc8 e5 63. Re8 Kd5 64. Kd7 e4 65. Ke7 Ke5 66. Kd7+ Kd5 67. Ke7 Ke5 68. Ra8 e3 69. Ra4 e2 70. Ra1 Ke4 71. Ke6 Ke3 72. Ke5 Kf2 73. Ra2 Kf1 74. Rxe2 Kxe2 1/2-1/2


[Site "https://www.chess.com"]

[Event "Titled Tuesday Blitz November 15 Early 2022"]
[White "parintele_chess"]
[Black "Samarth, J Rao"]
[BlackFideId "46652370"]
[WhiteElo "2216"]
[BlackElo "1564"]
[Result "0-1"]
[Round "05"]
[TimeControl "180+1"]
[Date "2022.11.16"]
[WhiteClock "0:00:04"]
[BlackClock "0:01:22"]

1. d4 d5 2. Bf4 Nf6 3. Nf3 e6 4. e3 Be7 5. Bd3 O-O 6. Nbd2 Nbd7 7. Ne5 c5 8. c3 Nxe5 9. Bxe5 Nd7 10. Bg3 f5 11. O-O c4 12. Bc2 b5 13. b3 a5 14. bxc4 bxc4 15. Rb1 Nf6 16. Be5 Bd7 17. Rb7 Bc6 18. Rc7 Rc8 19. Ra7 Nd7 20. f4 Qb6 21. Rxd7 Bxd7 22. g4 g6 23. gxf5 exf5 24. Qa1 Qc6 25. Rb1 Ra8 26. a4 Ra7 27. Rb5 Rfa8 28. Qb1 Qc8 29. Rb6 Qd8 30. Bd6 Qe8 31. Kf2 Bh4+ 32. Kf3 Bd8 33. Rb2 Be7 34. Be5 Qc8 35. Rb6 Bd8 36. Rd6 Bc7 37. Rf6 Bxe5 38. fxe5 Rb7 39. Qg1 Be6 40. Rxg6+ hxg6 41. Qxg6+ Rg7 42. Qf6 Qe8 43. Nf1 Qh5+ 44. Kf2 Qg6 45. Qh4 Qg2+ 46. Ke1 Qxc2 0-1


[Site "https://www.chess.com"]

[Event "Titled Tuesday Blitz November 15 Early 2022"]
[White "Aaditya Dhingra"]
[Black "Iturrizaga Bonelli, Eduardo"]
[WhiteFideId "25678191"]
[BlackFideId "3901211"]
[WhiteElo "2054"]
[BlackElo "2637"]
[Result "1/2-1/2"]
[Round "06"]
[TimeControl "180+1"]
[Date "2022.11.16"]
[WhiteClock "0:00:29"]
[BlackClock "0:01:07"]

1. Nf3 Nf6 2. g3 b6 3. Bg2 Bb7 4. O-O c5 5. d3 d5 6. Nbd2 Nc6 7. e4 Qc7 8. Qe2 e6 9. Re1 Be7 10. Nf1 h6 11. Bf4 Qd8 12. e5 Nd7 13. h3 g5 14. Bd2 h5 15. g4 hxg4 16. hxg4 Qc7 17. Ng3 O-O-O 18. c3 Ba6 19. Rac1 Rh4 20. Nxh4 gxh4 21. Nh5 Ndxe5 22. Bf4 Bd6 23. c4 dxc4 24. dxc4 Nd4 25. Qe4 Nxc4 26. Qa8+ Kd7 27. Nf6+ Ke7 28. Nd5+ Kd7 29. Nf6+ Ke7 30. Nd5+ Kd7 31. Nf6+ 1/2-1/2


[Site "https://www.chess.com"]

[Event "Titled Tuesday Blitz November 15 Early 2022"]
[White "Abrahamyan, Tatev"]
[Black "Kopylov, Alexander A."]
[WhiteFideId "13301918"]
[BlackFideId "4164857"]
[WhiteElo "2347"]
[BlackElo "2436"]
[Result "1/2-1/2"]
[Round "06"]
[TimeControl "180+1"]
[Date "2022.11.16"]
[WhiteClock "0:00:13"]
[BlackClock "0:00:20"]

1. e4 e5 2. Nf3 Nc6 3. Bc4 Nf6 4. Ng5 d5 5. exd5 Na5 6. Bb5+ Bd7 7. Qe2 c6 8. Qxe5+ Be7 9. d6 cxb5 10. Qxe7+ Qxe7+ 11. dxe7 Bc6 12. O-O Nc4 13. d3 Nd6 14. Bf4 Nf5 15. Nc3 Nd4 16. Be5 Nxc2 17. Rac1 Nb4 18. Nce4 Nxd3 19. Nxf6+ gxf6 20. Bxf6 Nxc1 21. Bxh8 Ne2+ 22. Kh1 Kxe7 23. Re1 Rxh8 24. Rxe2+ Kf6 25. h4 h6 26. Ne4+ Kg6 27. Kh2 Rd8 28. Ng3 Rd4 29. h5+ Kf6 30. Kh3 Bd7+ 31. Kh2 Rh4+ 32. Kg1 Be6 33. b3 Rd4 34. f3 a5 35. Kf2 a4 36. Ne4+ Kg7 37. bxa4 bxa4 38. Rb2 Rc4 39. a3 Rc1 40. Rxb7 Ra1 41. Nc5 Bd5 42. Ra7 Bc6 43. Ra6 Bb5 44. Ra5 Be8 45. Ra8 Bc6 46. Ra6 Be8 47. Ra8 Kf8 48. Nxa4 Rxa3 49. Nb6 Rd3 50. Nc4 Rd5 51. g4 Ke7 52. Ne3 Rd2+ 53. Kg3 Bd7 54. Ra7 Ke8 55. Kf4 Rb2 56. Nf5 Rb4+ 57. Kg3 Bxf5 58. gxf5 Rb5 59. Kg4 Rb4+ 60. f4 Rb1 61. f6 Rg1+ 62. Kf5 Rh1 63. Kg4 Rg1+ 64. Kf5 Rh1 65. Kg4 Rg1+ 1/2-1/2


[Site "https://www.chess.com"]

[Event "Titled Tuesday Blitz November 15 Early 2022"]
[White "Acor, Corey"]
[Black "Rodriguez Fontecha, Marcos"]
[WhiteFideId "2024861"]
[BlackFideId "2256576"]
[WhiteElo "2340"]
[BlackElo "2263"]
[Result "1-0"]
[Round "06"]
[TimeControl "180+1"]
[Date "2022.11.16"]
[WhiteClock "0:00:59"]
[BlackClock "0:01:08"]

1. e4 e6 2. d3 d5 3. Nd2 Nf6 4. g3 Nc6 5. Bg2 dxe4 6. dxe4 e5 7. Ngf3 Bc5 8. O-O O-O 9. b3 a5 10. Bb2 Re8 11. Nc4 Qxd1 12. Raxd1 Bg4 13. h3 Bxf3 14. Bxf3 b5 15. Ne3 a4 16. Nd5 Nxd5 17. Rxd5 Nb4 18. Rxc5 a3 19. Bxe5 Nxa2 20. Rxb5 c6 21. Rc5 Nb4 22. Ra1 a2 23. Bd6 Re6 24. e5 Ra6 25. Rc4 1-0


[Site "https://www.chess.com"]

[Event "Titled Tuesday Blitz November 15 Early 2022"]
[White "Adel, Sara"]
[Black "Deuer, Marius"]
[WhiteFideId "10616764"]
[BlackFideId "16236432"]
[WhiteElo "1994"]
[BlackElo "2226"]
[Result "0-1"]
[Round "06"]
[TimeControl "180+1"]
[Date "2022.11.16"]
[WhiteClock "0:00:08"]
[BlackClock "0:00:28"]

1. e4 c5 2. Nc3 Nc6 3. f4 g5 4. Bc4 Bg7 5. Bxf7+ Kxf7 6. Qh5+ Kf8 7. fxg5 Qe8 8. Qh4 Qg6 9. Nh3 e5 10. Nd5 d6 11. O-O+ Ke8 12. Nc7+ Ke7 13. Nxa8 Kd8 14. c3 Nge7 15. d3 b6 16. b4 Bb7 17. bxc5 dxc5 18. d4 exd4 19. cxd4 Bxd4+ 20. Be3 Bxe3+ 21. Kh1 Bxa8 22. Rf6 Qg7 23. Qg3 Bd4 24. Rd1 Kc8 25. Qg4+ Kb8 26. Rd6 Bb7 27. Nf4 Qe5 28. Rd7 Bc8 29. Rxe7 Bxg4 30. Rxe5 Bxe5 31. Rf1 Rf8 32. g3 Nd4 33. Kg2 Bc8 34. g6 hxg6 35. Nxg6 Rxf1 36. Kxf1 Bg7 37. Kf2 Bb7 38. Ke3 Kc7 39. h4 Kd6 40. g4 Ke6 41. g5 Nc2+ 42. Kf4 Bb2 43. h5 Bc1+ 44. Kf3 Bxg5 45. Kg4 Bh6 46. Kf3 Nd4+ 47. Kf2 Bxe4 48. Nh4 Bb1 49. Ke1 Bxa2 50. Kd1 Bd5 51. Ng6 a5 52. Nh4 a4 53. Ng2 a3 54. Ne1 a2 55. Nc2 Nxc2 56. Kxc2 a1=Q 57. Kd3 Qd4+ 58. Ke2 Qe3+ 59. Kf1 Bf4 60. h6 Bg3 61. h7 Qd2 62. Kg1 Bg2 63. h8=B Qf2# 0-1


[Site "https://www.chess.com"]

[Event "Titled Tuesday Blitz November 15 Early 2022"]
[White "Al-Tarboush, Ward"]
[Black "Petrovic, Aleksa"]
[WhiteFideId "7601450"]
[BlackFideId "967629"]
[WhiteElo "2273"]
[BlackElo "2224"]
[Result "1-0"]
[Round "06"]
[TimeControl "180+1"]
[Date "2022.11.16"]
[WhiteClock "0:01:12"]
[BlackClock "0:00:07"]

1. d4 Nf6 2. Nc3 e6 3. e4 d5 4. e5 Nfd7 5. f4 c5 6. Nf3 Nc6 7. Be3 Be7 8. Be2 O-O 9. O-O a6 10. Qd2 f5 11. exf6 Rxf6 12. Rae1 b5 13. Ne5 Nxd4 14. Bxd4 cxd4 15. Nxd7 Bxd7 16. Qxd4 Qc7 17. Kh1 Raf8 18. g3 b4 19. Nd1 Qxc2 20. Bd3 Qc5 21. Qe5 Bd6 22. Qe2 a5 23. Nf2 e5 24. Rc1 Qb6 25. Qh5 g6 26. Qg5 exf4 27. Qxd5+ Be6 28. Qg2 fxg3 29. Ne4 Rxf1+ 30. Rxf1 Rxf1+ 31. Qxf1 gxh2 32. Nxd6 Qxd6 33. Be4 Qe5 34. Bg2 Bd5 35. Bxd5+ Qxd5+ 36. Kxh2 Qe5+ 37. Kh1 Qe4+ 38. Kh2 Qh4+ 39. Kg1 Qd4+ 40. Kh1 Qd5+ 41. Kg1 Qxa2 42. Qe2 Qf7 43. Qd2 Qa7+ 44. Kh1 Qb7+ 45. Kg1 Qb6+ 46. Kh1 Qc6+ 47. Kg1 Qc5+ 48. Kh1 Qh5+ 49. Kg1 Qg4+ 50. Kh1 Qf3+ 51. Kg1 Kf7 52. Qd7+ Kf6 53. Qd8+ Kf5 54. Qxa5+ Kg4 55. Qxb4+ Kh3 56. Qd2 h5 57. b4 h4 58. b5 Qg4+ 59. Kf1 Qf5+ 60. Ke1 Qe5+ 61. Qe2 Qc3+ 62. Kd1 Qb3+ 63. Kc1 Kg3 64. Qe5+ Kg4 65. Qd4+ Kh5 66. b6 h3 67. Qh8+ Kg4 68. Qd4+ Kg3 69. Qe5+ Kg2 70. Qe4+ Kg1 71. Qg4+ Kf2 72. Qf4+ Ke2 73. Qh2+ Kf1 74. Qh1+ Kf2 75. b7 Qc3+ 76. Kb1 Qb3+ 77. Ka1 Qa3+ 78. Kb1 Qb4+ 79. Ka1 Qc3+ 80. Kb1 Qb3+ 81. Ka1 Qc3+ 82. Ka2 Qc2+ 83. Ka3 Qc3+ 84. Ka4 Qc4+ 85. Ka5 Qc5+ 86. Ka6 Qc6+ 87. Qxc6 1-0


[Site "https://www.chess.com"]

[Event "Titled Tuesday Blitz November 15 Early 2022"]
[White "Aldokhin, Ivan"]
[Black "Kobo, Ori"]
[WhiteFideId "24115720"]
[BlackFideId "2812320"]
[WhiteElo "2313"]
[BlackElo "2447"]
[Result "0-1"]
[Round "06"]
[TimeControl "180+1"]
[Date "2022.11.16"]
[WhiteClock "0:00:01"]
[BlackClock "0:00:12"]

1. e4 c5 2. Nf3 e6 3. d4 cxd4 4. Nxd4 a6 5. Nc3 b5 6. Bd3 Bb7 7. Qe2 Nc6 8. Nxc6 Bxc6 9. Bd2 Ne7 10. O-O Ng6 11. a4 b4 12. Nd5 Qb8 13. Bxa6 Bd6 14. g3 O-O 15. Ne3 Bxe4 16. Bd3 Bb7 17. Nc4 Bc5 18. Be3 Qc7 19. Bxc5 Qxc5 20. a5 d5 21. Nb6 Rad8 22. h4 Qc7 23. Rfe1 Rfe8 24. h5 Ne7 25. h6 g6 26. Qe3 Nc6 27. Qc5 Qd6 28. Qxd6 Rxd6 29. a6 Ba8 30. Na4 f6 31. Nc5 Ne5 0-1


[Site "https://www.chess.com"]

[Event "Titled Tuesday Blitz November 15 Early 2022"]
[White "Ambartsumova, Karina"]
[Black "Tarasova, Viktoriya"]
[WhiteFideId "4166299"]
[BlackFideId "4175840"]
[WhiteElo "2319"]
[BlackElo "2182"]
[Result "1/2-1/2"]
[Round "06"]
[TimeControl "180+1"]
[Date "2022.11.16"]
[WhiteClock "0:00:06"]
[BlackClock "0:00:13"]

1. Nf3 Nf6 2. c4 e6 3. Nc3 d5 4. e3 Bd6 5. Qc2 O-O 6. b3 c6 7. Bb2 b6 8. Be2 Bb7 9. h4 Nbd7 10. O-O-O e5 11. Kb1 a6 12. Ng5 b5 13. d3 h6 14. Nh3 d4 15. Ne4 Nxe4 16. dxe4 c5 17. cxb5 axb5 18. Bxb5 Nf6 19. f3 Qa5 20. a4 Ba6 21. Bxa6 Rxa6 22. Nf2 Rb8 23. Nd3 Rab6 24. Nc1 Rb4 25. exd4 exd4 26. Rd3 c4 27. Rxd4 cxb3 28. Qd2 Bc5 29. Rxb4 Bxb4 30. Qd3 Qxa4 31. Qxb3 Qxb3 32. Nxb3 Bc3 33. Kc2 Bxb2 34. Kxb2 Nh5 35. Rd1 Nf4 36. Rd2 Ng6 37. g3 Ne5 38. Kc3 Nxf3 39. Rd5 f6 40. Nc5 Ne5 41. Ne6 Rc8+ 42. Kd2 Nf3+ 43. Ke3 Ne5 44. Nf4 Rc3+ 45. Kf2 Rc8 46. Ke2 Rc2+ 47. Ke3 Rc3+ 48. Kf2 Rc2+ 49. Ke3 Rc3+ 1/2-1/2


[Site "https://www.chess.com"]

[Event "Titled Tuesday Blitz November 15 Early 2022"]
[White "Aponte Ramos, Argimiro"]
[Black "Begunov, Konstantin"]
[WhiteFideId "3900568"]
[BlackFideId "4118510"]
[WhiteElo "2216"]
[BlackElo "2140"]
[Result "0-1"]
[Round "06"]
[TimeControl "180+1"]
[Date "2022.11.16"]
[WhiteClock "0:00:02"]
[BlackClock "0:00:09"]

1. g4 d5 2. Bg2 c6 3. c4 dxc4 4. g5 h6 5. h4 hxg5 6. hxg5 Rxh1 7. Bxh1 e5 8. g6 fxg6 9. Qc2 Bf5 10. Qxc4 Nd7 11. Qxg8 Qh4 12. Bg2 Nc5 13. Nf3 Qg4 14. Kf1 O-O-O 15. Na3 e4 16. Nd4 Bd7 17. Nc4 Qg5 18. d3 Qf6 19. Be3 exd3 20. exd3 Be7 21. Qh7 Nxd3 22. Rd1 Nf4 23. Qh2 Nxg2 24. Kxg2 Bg4 25. Rd2 Bb4 26. Rd3 Bf5 27. Nxf5 Rxd3 28. Qh8+ Kd7 29. Ng3 Rd5 30. a3 Bd6 31. Qa8 Bxg3 32. fxg3 Rb5 33. Qb8 Qe6 0-1


[Site "https://www.chess.com"]

[Event "Titled Tuesday Blitz November 15 Early 2022"]
[White "Aradhya, Garg"]
[Black "Mohamed Anees M"]
[WhiteFideId "25006746"]
[BlackFideId "35065815"]
[WhiteElo "2223"]
[BlackElo "2135"]
[Result "1-0"]
[Round "06"]
[TimeControl "180+1"]
[Date "2022.11.16"]
[WhiteClock "0:02:17"]
[BlackClock "0:02:20"]

1. d4 d5 2. c4 c6 3. Nc3 Nf6 4. cxd5 cxd5 5. Bf4 Nc6 6. e3 a6 7. Be2 Bf5 8. Nf3 Rc8 9. O-O Nh5 10. Qb3 Nxf4 11. exf4 e6 12. Qxb7 Nb4 13. Bxa6 Bd6 14. Qxc8 1-0


[Site "https://www.chess.com"]

[Event "Titled Tuesday Blitz November 15 Early 2022"]
[White "Arbunic Castro, Giovanna"]
[Black "Mohammed, Zozek Salah Mohammed"]
[WhiteFideId "3400549"]
[BlackFideId "4803361"]
[WhiteElo "1886"]
[BlackElo "2199"]
[Result "0-1"]
[Round "06"]
[TimeControl "180+1"]
[Date "2022.11.16"]
[WhiteClock "0:01:01"]
[BlackClock "0:01:46"]

1. e4 c5 2. g3 d6 3. Bg2 Nf6 4. Ne2 g6 5. O-O Bg7 6. c3 O-O 7. d4 cxd4 8. cxd4 Nc6 9. Nbc3 a6 10. h3 e5 11. Be3 b5 12. f4 b4 13. Nd5 Nxd5 14. exd5 Nxd4 15. Nxd4 exd4 16. Bxd4 a5 17. Bxg7 Kxg7 18. Qd4+ Qf6 19. Qxf6+ Kxf6 20. Rac1 Ba6 21. Rfe1 Bb5 22. Bf1 Bxf1 23. Kxf1 Rac8 24. Rc6 Rxc6 25. dxc6 Rc8 26. Rc1 Ke6 27. Ke2 Rc7 28. Kd3 Kd5 29. f5 Rxc6 30. Rxc6 Kxc6 31. fxg6 fxg6 32. Kd4 d5 33. g4 g5 34. Ke5 Kc5 35. Kf5 d4 36. Kxg5 d3 37. Kh6 d2 38. h4 d1=Q 39. g5 Qc2 40. h5 Qf5 41. g6 hxg6 42. hxg6 Qh3+ 43. Kg7 Qg2 44. Kf7 Qxb2 45. g7 Qxa2+ 0-1


[Site "https://www.chess.com"]

[Event "Titled Tuesday Blitz November 15 Early 2022"]
[White "Artemenko, Oleg"]
[Black "Dehtiarov, Roman"]
[WhiteFideId "14201798"]
[BlackFideId "14186640"]
[WhiteElo "2287"]
[BlackElo "2200"]
[Result "1-0"]
[Round "06"]
[TimeControl "180+1"]
[Date "2022.11.16"]
[WhiteClock "0:00:31"]
[BlackClock "0:00:07"]

1. d4 Nf6 2. Nc3 d5 3. Bf4 e6 4. a3 Bd6 5. e3 O-O 6. g4 Qe7 7. Nf3 Ne4 8. Bxd6 cxd6 9. Nxe4 dxe4 10. Nd2 f5 11. h4 d5 12. g5 f4 13. Qh5 g6 14. Qh6 Qg7 15. Qxg7+ Kxg7 16. c4 Nc6 17. Rc1 Bd7 18. b4 Rac8 19. Bh3 Rf7 20. Ke2 e5 21. Bxd7 f3+ 22. Kd1 Rxd7 23. cxd5 Rxd5 24. Rc5 Rcd8 25. Rxd5 Rxd5 26. Nxe4 exd4 27. Nf6 Re5 28. e4 a5 29. Rh3 axb4 30. axb4 h6 31. gxh6+ Kh8 32. Rxf3 Re6 33. Ng4 Ne5 34. Rf8+ Kh7 35. Nf6+ Kxh6 36. Nd5 Ng4 37. f3 Ne3+ 38. Nxe3 dxe3 39. Ke2 Rb6 40. Kxe3 Rxb4 41. Rb8 Kg7 42. Kf4 Rb1 43. Ke5 Rb5+ 44. Kd6 Rb3 45. f4 Rb4 46. e5 b5 47. Rb7+ Kg8 48. e6 Rxf4 49. e7 Kf7 50. Rb8 Rd4+ 51. Ke5 Re4+ 52. Kxe4 Kxe7 53. Rxb5 Kf6 54. Rg5 Kg7 55. Ke5 Kh6 56. Kd6 Kg7 57. Ke6 Kh6 58. Kf6 Kh7 59. Rxg6 Kh8 60. Kf7 Kh7 61. h5 Kh8 62. Rh6# 1-0


[Site "https://www.chess.com"]

[Event "Titled Tuesday Blitz November 15 Early 2022"]
[White "Atakhan, Abtin"]
[Black "Omariev, Maksim"]
[WhiteFideId "22502203"]
[BlackFideId "4193423"]
[WhiteElo "2298"]
[BlackElo "2524"]
[Result "1-0"]
[Round "06"]
[TimeControl "180+1"]
[Date "2022.11.16"]
[WhiteClock "0:01:08"]
[BlackClock "0:00:01"]

1. c4 e5 2. g3 Nf6 3. Bg2 d5 4. cxd5 Nxd5 5. Nc3 Nb6 6. d3 Nc6 7. Be3 Be7 8. Rc1 h5 9. Bxc6+ bxc6 10. Nf3 Qd6 11. Ne4 Qe6 12. Bc5 h4 13. Bxe7 Qxe7 14. gxh4 Bg4 15. Ned2 Nd5 16. Rxc6 Nf4 17. Qa4 Bd7 18. Qc4 O-O 19. Rxc7 Rfc8 20. Nb3 Rxc7 21. Qxc7 Rc8 22. Qxe5 Qb4+ 23. Kd1 Be6 24. Nfd4 Nd5 25. Rg1 Nc7 26. Qxg7# 1-0


[Site "https://www.chess.com"]